 Dungeon Crawl Stone Soup version 0.22-a0-374-g5dfd9e3 (webtiles) character file.

358 Amnesiac the Combatant (level 6, -1/37 HPs)
             Began as a Deep Elf Fighter on Apr 26, 2018.
             Was a Follower of Okawaru.
             Slain by a howler monkey (5 damage)
             ... on level 4 of the Dungeon on Apr 27, 2018.
             The game lasted 00:04:41 (3324 turns).

Amnesiac the Combatant (Deep Elf Fighter)           Turns: 3324, Time: 00:04:42

Health: -1/37      AC:  6    Str: 15    XL:     6   Next: 37%
Magic:  11/12      EV:  8    Int: 13    God:    Okawaru [*.....]
Gold:   158        SH:  8    Dex: 14    Spells: 5/5 levels left

rFire    . . .     SeeInvis .   o - +1 short sword (speed)
rCold    . . .     Gourm    .   c - +0 shield
rNeg     . . .     Faith    .   b - +0 scale mail
rPois    .         Spirit   .   (no helmet)
rElec    .         Reflect  .   (no cloak)
rCorr    .         Harm     .   (no gloves)
MR       .....                  (no boots)
Stlth    ..........             (no amulet)
HPRegen  0.12/turn              (no ring)
MPRegen  0.13/turn              (no ring)

@: no status effects
A: no striking features
a: Heroism, Renounce Religion


You were on level 4 of the Dungeon.
You worshipped Okawaru.
Okawaru was aware of your devotion.
You were not hungry.

You visited 1 branch of the dungeon, and saw 4 of its levels.

You collected 158 gold pieces.

Inventory:

Hand Weapons
 a - a +0 rapier
 o - a +1 short sword of speed (weapon)
Armour
 b - a +0 scale mail (worn)
 c - a +0 shield (worn)
Jewellery
 p - an uncursed ring of teleportation
Wands
 n - a wand of flame (3)
Scrolls
 g - 5 scrolls of teleportation {!r}
Potions
 d - 3 potions of might {!q}
 e - a potion of heal wounds {!q, unknown}
 h - 2 potions of haste {!q, unknown}
 i - 2 potions of invisibility {!q}
 j - 2 potions of lignification {!q, unknown}
 k - a potion of resistance {!q, unknown}
 m - 2 potions of curing {!q}
Comestibles
 f - 9 rations
 l - 7 chunks of flesh


   Skills:
 - Level 3.0 Fighting
 - Level 2.0 Short Blades
 - Level 3.0 Armour
 - Level 3.0 Dodging
 - Level 2.4 Shields
 + Level 5.3 Invocations


You had 5 spell levels left.
You didn't know any spells.

Dungeon Overview and Level Annotations

Branches:
Dungeon (4/15)
 Temple: D:4-7

Altars:
Cheibriados
Hepliaklqana
Nemelex Xobeh
Okawaru
Qazlal
Trog
Vehumet
Wu Jian
The Shining One


Message History

You hit something. You closely miss something.
You hear some strange, mumbled words.
A puff of flame appears from out of thin air!
The puff of flame hits you!
* * * LOW HITPOINT WARNING * * *
You barely miss something. Something hits you.
* * * LOW HITPOINT WARNING * * *
You hit something. Something hits you but does no damage.
Evoke which item? (* to show all) (? for menu, Esc to quit)
Aiming: Throw Flame
Press: ? - help, Shift-Dir - straight line, f - howler monkey
Aim: a howler monkey The puff of flame hits something.
The howler monkey hoots and howls with incredible vigour!
You block something's attack.
You hear an angry hiss. x3; You hear a shout! x4
Evoke which item? (* to show all) (? for menu, Esc to quit)
Aiming: Throw Flame
Press: ? - help, Shift-Dir - straight line, f/p - howler monkey
Aim: a howler monkey (catching its breath)
The puff of flame hits the howler monkey.
The howler monkey is moderately wounded.
You hear some strange, mumbled words.
A puff of flame appears from out of thin air!
The puff of flame hits you!
* * * LOW HITPOINT WARNING * * *
Evoke which item? (* to show all) (? for menu, Esc to quit)
Aiming: Throw Flame
Press: ? - help, Shift-Dir - straight line, f/p - howler monkey
Aim: a howler monkey (moderately wounded, catching its breath)
The puff of flame hits something.
Okawaru accepts your kill.
Reactivating autopickup.
You feel a bit more experienced.
Evoke which item? (* to show all) (? for menu, Esc to quit)
Aiming: Throw Flame
Press: ? - help, Shift-Dir - straight line, f/p - howler monkey
Aim: a howler monkey (moderately wounded)
The puff of flame hits the howler monkey.
The howler monkey is heavily wounded.
The howler monkey hits you.
* * * LOW HITPOINT WARNING * * *
Evoke which item? (* to show all) (? for menu, Esc to quit)
Aiming: Throw Flame
Press: ? - help, Shift-Dir - straight line, f/p - howler monkey
Aim: a howler monkey (heavily wounded)
The puff of flame misses the howler monkey.
The howler monkey hits you but does no damage.
Evoke which item? (* to show all) (? for menu, Esc to quit)
Aiming: Throw Flame
Press: ? - help, Shift-Dir - straight line, f/p - howler monkey
Aim: a howler monkey (heavily wounded)
The puff of flame misses the howler monkey.
The howler monkey hoots and howls with incredible vigour!
You hear an angry hiss. x2; You hear a shout!
You hear a croak.
Evoke which item? (* to show all) (? for menu, Esc to quit)
Aiming: Throw Flame
Press: ? - help, Shift-Dir - straight line, f/p - howler monkey
Aim: a howler monkey (heavily wounded, catching its breath)
The puff of flame hits the howler monkey.
The howler monkey is almost dead.
The howler monkey hits you.
You die...

#....##...#...#
#.#..##.#.#.#.#
.#..#####.#.#.# #..#..#
#...#.##
#.#..####...##.#
.....#.#..#..#.##
.8.8.....###....#
.....#.#..#..#..######'#
#.#..####...##..@h......
#..#..# #...#.#####'....
.#..### #.#.#. ...
#.#..# #.#.#. . #....# .
#... #...## # . . .


You could see a howler monkey.

Vanquished Creatures
  The ghost of VDreamerV the Ruffian, an amateur BaTm (D:3)
  2 orc wizards (D:4)
  A bullfrog skeleton (D:4)
  A hound skeleton (D:2)
  3 gnolls (D:3)
  2 adders (D:3)
  4 oozes
  3 worms (D:2)
  4 dart slugs
  3 leopard geckos
  12 orcs
  10 bats
  6 giant cockroaches
  8 goblins
  4 hobgoblins
  6 jackals
  2 quokkas
  2 ball pythons
  7 frilled lizards
  7 kobolds
  A leopard gecko skeleton (D:4)
  8 rats
97 creatures vanquished.

Notes
Turn   | Place    | Note
-------+----------+-------------------------------------------
     0 | D:1      | Amnesiac the Deep Elf Fighter began the quest for the Orb.
     0 | D:1      | Reached XP level 1. HP: 13/13 MP: 3/3
    39 | D:1      | Reached skill level 1 in Dodging
   122 | D:1      | Reached XP level 2. HP: 18/18 MP: 4/4
   666 | D:1      | Reached XP level 3. HP: 13/22 MP: 5/5
  1548 | D:2      | Reached XP level 4. HP: 17/27 MP: 6/6
  1729 | D:2      | Found an iron altar of Okawaru.
  1737 | D:2      | Became a worshipper of Warmaster Okawaru
  1831 | D:2      | Reached skill level 1 in Invocations
  1939 | D:2      | Found a snail-covered altar of Cheibriados.
  2098 | D:3      | Found a bloodstained altar of Trog.
  2128 | D:3      | Found a glowing golden altar of the Shining One.
  2129 | D:3      | Found an ornate altar of the Wu Jian Council.
  2130 | D:3      | Found a sparkling altar of Nemelex Xobeh.
  2131 | D:3      | Found a radiant altar of Vehumet.
  2132 | D:3      | Found a hazy altar of Hepliaklqana.
  2133 | D:3      | Found a stormy altar of Qazlal.
  2179 | D:3      | Reached skill level 2 in Invocations
  2265 | D:3      | Noticed VDreamerV's ghost (amateur BaTm)
  2292 | D:3      | Killed VDreamerV's ghost
  2292 | D:3      | Reached skill level 3 in Invocations
  2292 | D:3      | Reached XP level 5. HP: 18/32 MP: 7/9
  2459 | D:3      | Reached skill level 4 in Invocations
  3088 | D:4      | Reached XP level 6. HP: 33/37 MP: 11/11
  3247 | D:4      | Reached * piety under Okawaru
  3247 | D:4      | Reached skill level 5 in Invocations
  3324 | D:4      | Slain by a howler monkey

Vault maps used:
D:1:      lightli_iron_boxes, serial_forest, infiniplex_forest_straight_3,
          infiniplex_forest_straight_5, infiniplex_forest_straight_2,
          infiniplex_forest_straight_1, infiniplex_forest_split,
          infiniplex_forest_lined_room_2
D:2:      okawaru_trees_2, cheibriados_altar_1
D:3:      minitemple
D:4:      wad_crossroads, dancing_weapons_uskayaw, gup_sewer_entry_pipe,
          nicolae_ru_awakened_eye

Skill      XL: |  1  2  3  4  5  6 |
---------------+-------------------+-----
Dodging        | 2 3 |  3.0
Armour         | 3 |  3.0
Fighting       | 3 |  3.0
Invocations    | 3 4 5 |  5.3
Short Blades   | |  2.0
Shields        | |  2.4

Action                   |  1- 3 |  4- 6 || total
-------------------------+-------+-------++-------
Melee: Rapier            |   135 |       ||   135
       Short sword       |    22 |   343 ||   365
Evoke: Wand              |       |    19 ||    19
  Use: Scroll            |       |     6 ||     6
  Eat: Chunk             |     2 |     6 ||     8
Armor: Scale mail        |    58 |   105 ||   163
Dodge: Dodged            |    43 |    78 ||   121
Block: Shield            |    70 |   112 ||   182

Table legend:
 A = Spawn XP
 B = Non-spawn XP
 C = Spawn XP percentage of total XP
 D = Spawn monster count
 E = Non-spawn monster count
 F = Spawn count percentage of total count
 G = Total turns spent on level
                    A         B        C        D         E        F      G
               +---------+---------+-------+---------+---------+-------+---------
         Total |       0 |     512 |   0.0 |       0 |      97 |   0.0 |  3324
               +---------+---------+-------+---------+---------+-------+---------
           D:1 |       0 |      54 |   0.0 |       0 |      26 |   0.0 |  1181
           D:2 |       0 |      95 |   0.0 |       0 |      31 |   0.0 |   857
           D:3 |       0 |     230 |   0.0 |       0 |      29 |   0.0 |  1044
           D:4 |       0 |     133 |   0.0 |       0 |      11 |   0.0 |   242
               +---------+---------+-------+---------+---------+-------+---------
